 Dungeon Crawl Stone Soup version 0.24.0-1-gfbc8707 (webtiles) character file.

Game seed: 1685227620319743751, levelgen mode: deterministic

123583 TheGoonsmith the Marksminotaur (level 16, -9/143 HPs)
             Began as a Minotaur Berserker on Nov 1, 2019.
             Was the Champion of Trog.
             Killed from afar by a shock serpent (33 damage)
             ... with a bolt of electricity
             ... on level 1 of the Snake Pit.
             The game lasted 01:08:36 (29588 turns).

TheGoonsmith the Marksminotaur (MiBe)              Turns: 29588, Time: 01:08:36

Health: -9/143     AC: 23    Str: 28    XL:     16   Next: 37%
Magic:  20/21      EV:  9    Int:  4    God:    Trog [******]
Gold:   3043       SH:  0    Dex: 14    Spells: 15/15 levels left

rFire    . . .     SeeInvis .   a - +2 executioner's axe
rCold    . . .     Gourm    .   (shield currently unavailable)
rNeg     + . .     Faith    .   X - +2 plate armour {rN+}
rPois    +         Spirit   .   D - +2 hat
rElec    .         Reflect  .   i - scarf {cloud immunity}
rCorr    .         Harm     .   (no gloves)
MR       +++..                  w - +2 pair of boots {run}
Stlth    ..........             o - amulet of regeneration
HPRegen  1.73/turn              N - +3 ring of strength
MPRegen  0.17/turn              y - ring of poison resistance

@: lethally poisoned (-9 -> -9), regenerating, constricted, quick
A: retaliatory headbutt, horns 2
a: Berserk, Trog's Hand, Brothers in Arms, Renounce Religion


You were on level 1 of the Snake Pit.
You worshipped Trog.
Trog was exalted by your worship.
You were not hungry.

You visited 4 branches of the dungeon, and saw 24 of its levels.
You also visited: Sewer, Ossuary, Gauntlet and Ice Cave.

You collected 3225 gold pieces.
You spent 182 gold pieces at shops.

Inventory:

Hand Weapons
 a - a +2 executioner's axe (weapon)
 b - a +4 longbow of electrocution
 G - a +1 war axe of flaming
 K - a +0 battleaxe
Missiles
 p - 396 arrows
Armour
 i - a scarf of cloud immunity (worn)
 w - a +2 pair of boots of running (worn)
 D - a +2 hat (worn)
 S - a +2 scale mail of fire resistance
 X - a +2 plate armour of positive energy (worn)
Jewellery
 g - an uncursed ring of ice
 o - an amulet of regeneration (around neck)
 t - an uncursed ring of see invisible
 u - a +2 ring of intelligence {unknown}
 y - a ring of poison resistance (right hand)
 C - an uncursed ring of protection from fire
 N - a +3 ring of strength (left hand)
 T - an uncursed ring of resist corrosion
 W - the ring "Nywk" {MR+ Str+3 Dex-5 SInv}
   (You took it off a minotaur in a Gauntlet)

   [ring of strength]

   It affects your strength (+3).
   It affects your dexterity (-5).
   It affects your resistance to hostile enchantments.
   It lets you see invisible.
Wands
 e - a wand of clouds (5)
 B - a wand of polymorph (8)
 F - a wand of flame (10)
 I - a wand of paralysis (24)
 L - a wand of iceblast (6)
 R - a wand of digging (6)
Scrolls
 d - 10 scrolls of teleportation
 j - 8 scrolls of remove curse
 q - 6 scrolls of fog
 r - 2 scrolls of identify
 s - a scroll of silence
 E - 3 scrolls of enchant armour
 H - 3 scrolls of magic mapping
 Q - a scroll of fear
 Z - a scroll of blinking
Potions
 f - 4 potions of heal wounds
 h - 10 potions of haste
 k - 4 potions of cancellation
 l - 3 potions of berserk rage
 m - 5 potions of agility
 n - 12 potions of curing
 v - 3 potions of brilliance
 z - 7 potions of flight
 A - a potion of resistance {unknown}
 M - 2 potions of might {unknown}
Miscellaneous
 P - a sack of spiders
Comestibles
 c - 29 rations


   Skills:
 + Level 13.1 Fighting
 * Level 16.2 Axes
 * Level 19.6 Bows
 + Level 12.1 Armour
 + Level 8.2 Dodging
 - Level 8.0 Evocations


You had 15 spell levels left.
You didn't know any spells.
Your spell library was empty.

Dungeon Overview and Level Annotations

Branches:
Dungeon (15/15)            Temple (0/1) D:4            Lair (6/6) D:9
  Swamp (0/4) Lair:2        Snake (1/4) Lair:3        Slime (0/5) Lair:5
    Orc (2/2) D:10            Elf (0/3) Orc:2        Vaults (0/5) D:14
 Depths (0/5) D:15          Sewer (visited)         Ossuary (visited)
  IceCv (visited)         Gauntlet (visited)

Altars:
Ashenzari
Cheibriados
Dithmenos
Gozag
Hepliaklqana
Kikubaaqudgha
Makhleb
Nemelex Xobeh
Okawaru
Qazlal
Ru
Uskayaw
The Shining One
Beogh

Shops:
D:7 [   Orc:1 (((:   Orc:2 (:=:%

Portals:
Trove: D:10 (give +4 ice dragon scales)

Annotations:
D:5 2 transporters, retro's ghost, novice CeHu
Lair:1 Harold
Lair:6 Kramin's ghost, journeyman DgIE


Innate Abilities, Weirdness & Mutations

You reflexively headbutt those who attack you in melee.
You have a pair of horns on your head.


Message History

The naga mage grabs you. The naga mage constricts you.
The shock serpent shoots out a bolt of lightning at you!
The bolt of electricity misses you.
You carve the naga mage like a ham!!! Your headbutt misses the naga mage.
The naga mage is almost dead.
You feel sick.
The naga mage hits you but does no damage.
The naga mage constricts you.
The shock serpent shoots out a bolt of lightning at you!
The bolt of electricity hits you!
* * * LOW HITPOINT WARNING * * *
The naga mage hits you but does no damage.
* * * LOW HITPOINT WARNING * * *
The naga mage constricts you.
Your plate armour prevents you from hitting the naga mage.
The naga mage is almost dead.
You feel sick.
The shock serpent shoots out a bolt of lightning at you!
The bolt of electricity hits you!!
You die...

#...# ##............
##...###..)..[#).....
#.$...##.............
#......#...........P≈
#..............#.PP.
#.....^(....(...≈.≈≈
#..........)S≈≈P≈≈≈♣
#.........(..≈P≈♣≈≈♣
#....@.(###..≈≈≈≈♣♣P
##...N).# #...P≈≈≈♣
##.(#### #..P.P≈♣≈
#8.( ....≈.PP≈ #...>
....#≈≈PP #..(.
....#...≈ ##8.. .[.#
.. ##.. .(.


You could see a shock serpent and a naga mage.

Vanquished Creatures
  Frances (Snake:1)
  Louise (D:14)
  Aizul (Snake:1)
  A reaper (Gauntlet)
  4 dire elephants (Lair:6)
  A minotaur (Gauntlet)
  3 fire dragons
  4 vault guards
  A naga warrior (Snake:1)
  2 ice dragons (IceCv)
  9 hydras
  4 anacondas
  12 two-headed ogres
  A centaur warrior (D:14)
  2 ogre magi
  A queen ant (Lair:2)
  Urug (D:10)
  Sonja (Lair:1)
  Nergalle (Lair:2)
  2 deep trolls (Orc:2)
  A sixfirhy (Gauntlet)
  2 unseen horrors
  2 naga ritualists (Snake:1)
  3 orc knights (Orc:2)
  3 orc sorcerers
  3 oklob plants (Lair:5)
  2 mana vipers (Snake:1)
  2 deep elf magi
  5 cyclopes
  2 manticores
  21 ugly things
  2 salamanders (Snake:1)
  13 elephants
  A naga mage (Snake:1)
  15 black mambas
  13 spiny frogs
  2 ice statues (IceCv)
  2 gargoyles
  6 rime drakes
  4 komodo dragons
  A rime drake (shapeshifter) (D:11)
  2 efreet
  10 trolls
  Grinder (D:3)
  A meliai (shapeshifter) (D:15)
  2 hornets (Lair:6)
  12 blink frogs
  9 polar bears
  13 slime creatures
  11 dream sheep
  6 hippogriffs
  Sigmund (D:2)
  4 shadows
  2 vampires
  2 wraiths
  53 yaks
  A water elemental (D:11)
  3 spriggans (Lair:6)
  Grum (D:9)
  4 wyverns
  A fire elemental (D:13)
  2 basilisks
  4 hogs (D:8)
  A human (D:8)
  3 hungry ghosts
  A steam dragon (Lair:4)
  3 wargs
  10 nagas
  3 acid dragons
  20 soldier ants (Lair:2)
  12 water moccasins
  9 porcupines
  4 sky beasts
  9 black bears (Lair:1)
  A hornet zombie (D:12)
  24 orc warriors
  20 ice beasts
  3 phantoms
  A necrophage (D:13)
  An eye of draining (D:11)
  A boggart (Lair:6)
  18 ogres
  4 wolves (D:9)
  11 centaurs
  14 crocodiles
  2 big kobolds
  Blork the orc (D:5)
  23 bullfrogs
  2 wyvern skeletons
  A scorpion (D:10)
  A water moccasin skeleton (D:9)
  6 killer bees (D:10)
  3 wights (D:15)
  6 electric eels (D:11)
  3 howler monkeys
  5 centaur zombies
  A bullfrog zombie (D:11)
  A lava snake (D:13)
  8 crimson imps
  4 jellies
  9 hounds
  23 orc wizards
  2 quasits
  2 bullfrog skeletons
  19 orc priests
  5 centaur skeletons
  Jessica (D:2)
  An iguana (D:7)
  Terence (D:3)
  25 worker ants
  A killer bee zombie (D:9)
  A hound skeleton (D:7)
  8 mummies (Ossuary)
  Robin (D:2)
  2 howler monkey zombies
  2 worker ant zombies
  3 gnolls (D:7)
  A river rat (D:4)
  13 adders
  7 shadow imps
  3 ufetubi (Gauntlet)
  2 oozes
  A dart slug (D:2)
  2 leopard geckos
  77 orcs
  4 ball pythons
  11 bats
  8 giant cockroaches
  A gnoll zombie (Ossuary)
  17 goblins
  11 hobgoblins
  2 jackals (D:6)
  4 quokkas
  4 frilled lizards
  A giant cockroach zombie (D:4)
  3 hobgoblin zombies (Ossuary)
  13 kobolds
  A kobold zombie (Ossuary)
  3 orc zombies (Ossuary)
  2 quokka skeletons
  2 quokka zombies (D:5)
  7 rats
  A bush (Lair:4)
  A fire vortex (D:13)
  2 fungi
  3 plants
856 creatures vanquished.

Vanquished Creatures (collateral kills)
  An ogre mage (Orc:2)
  2 trolls (Orc:2)
  2 ogres (Orc:2)
  An orc wizard (Orc:2)
  2 orcs (Orc:2)
8 creatures vanquished.

Vanquished Creatures (others)
  A human (D:9)
  A jelly (D:14)
  14 fungi
  57 plants
  A withered plant (Gauntlet)
74 creatures vanquished.

Grand Total: 938 creatures vanquished

Notes
Turn   | Place    | Note
-------+----------+-------------------------------------------
     0 | D:1      | TheGoonsmith the Minotaur Berserker began the quest for the
                  | Orb.
     0 | D:1      | Reached XP level 1. HP: 19/19 MP: 0/0
    85 | D:1      | Reached XP level 2. HP: 21/27 MP: 1/1
   515 | D:2      | Noticed Robin
   525 | D:2      | Killed Robin
   525 | D:2      | Reached XP level 3. HP: 33/33 MP: 2/2
   560 | D:2      | Found a hide-covered altar of Uskayaw.
   602 | D:2      | Noticed Jessica
   607 | D:2      | Killed Jessica
   607 | D:2      | Reached ** piety under Trog
   607 | D:2      | Reached XP level 4. HP: 34/40 MP: 3/3
   704 | D:2      | Noticed Sigmund
   711 | D:2      | Killed Sigmund
   711 | D:2      | Reached skill level 5 in Axes
   711 | D:2      | Reached XP level 5. HP: 47/47 MP: 4/4
   842 | D:2      | Found a faded altar of an unknown god.
  1263 | D:3      | Noticed Grinder
  1264 | D:3      | Paralysed by Grinder for 6 turns
  1275 | D:3      | Killed Grinder
  1275 | D:3      | Reached skill level 5 in Fighting
  1275 | D:3      | Reached XP level 6. HP: 21/56 MP: 5/5
  1519 | D:3      | Found a sparkling altar of Nemelex Xobeh.
  1595 | D:3      | Reached XP level 7. HP: 54/61 MP: 6/6
  1653 | D:3      | Noticed Terence
  1661 | D:3      | Killed Terence
  1664 | D:3      | Found a hazy altar of Hepliaklqana.
  1810 | D:3      | Reached skill level 5 in Armour
  2306 | D:4      | Found a glowing drain.
  2358 | Sewer    | Entered a sewer
  2361 | Sewer    | Reached *** piety under Trog
  2694 | D:4      | Found an iron altar of Okawaru.
  2805 | D:4      | Found a shattered altar of Ashenzari.
  2889 | D:4      | Found a staircase to the Ecumenical Temple.
  3181 | D:4      | Found an opulent altar of Gozag.
  3332 | D:5      | Entered Level 5 of the Dungeon
  3338 | D:5      | Reached XP level 8. HP: 50/70 MP: 7/7
  3446 | D:5      | Noticed retro's ghost (novice CeHu)
  3482 | D:5      | Noticed Blork the orc
  3490 | D:5      | Killed Blork the orc
  3592 | D:5      | Found a burning altar of Makhleb.
  3689 | D:5      | Found a transporter.
  3693 | D:5      | Found a transporter.
  4015 | D:6      | Reached skill level 1 in Bows
  4512 | D:6      | Reached skill level 10 in Axes
  4512 | D:6      | Reached skill level 2 in Bows
  5112 | D:7      | Reached **** piety under Trog
  5112 | D:7      | Reached skill level 3 in Bows
  5125 | D:7      | Reached XP level 9. HP: 63/79 MP: 8/8
  5152 | D:7      | Found a sacrificial altar of Ru.
  5164 | D:7      | Found Wir Lopobb's Antique Armour Boutique.
  5172 | D:7      | Bought a glowing hat for 182 gold pieces
  5261 | D:7      | You fall into a shaft and drop 2 floors!
  5335 | D:9      | Reached skill level 4 in Bows
  5612 | D:8      | Found a glowing golden altar of the Shining One.
  5646 | D:8      | Found a shadowy altar of Dithmenos.
  5738 | D:8      | Found a sand-covered staircase.
  5744 | Ossuary  | Entered an ossuary
  6143 | D:8      | Reached skill level 5 in Bows
  6344 | D:7      | Got a scorched scale mail
  6441 | D:7      | Found a stormy altar of Qazlal.
  6629 | D:7      | Identified the cursed +1 scale mail of Brilliance {-Cast
                  | rCorr Dex+2} (You found it on level 7 of the Dungeon)
  6678 | D:8      | Reached skill level 6 in Bows
  6891 | D:9      | Reached XP level 10. HP: 88/88 MP: 9/9
  7240 | D:9      | Found a staircase to the Lair.
  7447 | D:9      | Noticed Grum
  7457 | D:9      | Killed Grum
  7459 | D:9      | Reached skill level 10 in Fighting
  7468 | D:9      | Received a gift from Trog
  7588 | D:9      | Reached ***** piety under Trog
  7969 | D:9      | Found an ancient bone altar of Kikubaaqudgha.
  8098 | D:10     | Entered Level 10 of the Dungeon
  8106 | D:10     | Found a portal to a secret trove of treasure.
  8125 | D:10     | Reached skill level 7 in Bows
  8495 | D:10     | Found a staircase to the Orcish Mines.
  8509 | D:10     | Found a roughly hewn altar of Beogh.
  8896 | D:10     | Noticed Urug
  8909 | D:10     | Killed Urug
  8909 | D:10     | Reached skill level 8 in Bows
  8965 | D:10     | Found a stormy altar of Qazlal.
  9230 | D:11     | Reached XP level 11. HP: 83/99 MP: 10/10
 10257 | D:11     | Noticed an ogre mage
 10257 | D:11     | Noticed a purple ugly thing
 10257 | D:11     | Noticed a green ugly thing
 10268 | D:11     | Killed a purple ugly thing
 10268 | D:11     | Reached skill level 9 in Bows
 10273 | D:11     | Killed an ogre mage
 10279 | D:11     | Killed a green ugly thing
 10402 | D:11     | Noticed a brown ugly thing
 10408 | D:11     | Killed a brown ugly thing
 10758 | D:11     | Reached skill level 10 in Bows
 10872 | D:11     | Killed an unseen horror
 11059 | D:11     | Noticed a two-headed ogre
 11065 | D:11     | Killed a two-headed ogre
 11599 | D:11     | Reached skill level 15 in Axes
 11968 | D:12     | Received a gift from Trog
 11974 | D:12     | Noticed a two-headed ogre
 11978 | D:12     | Killed a two-headed ogre
 12012 | D:12     | HP: 2/99 [orc priest/divine providence (8)]
 12097 | D:12     | Reached XP level 12. HP: 40/106 MP: 11/11
 12100 | D:12     | Found a gate leading to a gauntlet.
 12109 | Gauntlet | Entered a Gauntlet
 12109 | Gauntlet | Found a transporter.
 12109 | Gauntlet | Found a transporter.
 12342 | Gauntlet | Found a transporter.
 12343 | Gauntlet | Found a transporter.
 12343 | Gauntlet | Found a transporter.
 12346 | Gauntlet | Found a transporter.
 12352 | Gauntlet | Found a transporter.
 12355 | Gauntlet | Found a transporter.
 12357 | Gauntlet | Found a transporter.
 12362 | Gauntlet | Found a transporter.
 12364 | Gauntlet | Noticed a dire elephant
 12365 | Gauntlet | Found a transporter.
 12365 | Gauntlet | Found a transporter.
 12365 | Gauntlet | Noticed a reaper
 12714 | Gauntlet | Received a gift from Trog
 12801 | Gauntlet | Killed a reaper
 12801 | Gauntlet | Reached skill level 11 in Bows
 12858 | Gauntlet | Identified the ring "Nywk" {MR+ Str+3 Dex-5 SInv}
 12858 | Gauntlet | Noticed a minotaur
 12873 | Gauntlet | Killed a minotaur
 13112 | Gauntlet | Got a pair of slimy gloves
 13166 | D:12     | Identified the +0 pair of gloves "Vidohacs" {Str+5 Dex-4}
                  | (You found it in a Gauntlet)
 13182 | D:12     | Identified a +1 pair of boots of running (You found it in a
                  | Gauntlet)
 13414 | D:12     | Reached skill level 12 in Bows
 14190 | Lair:1   | Entered Level 1 of the Lair of Beasts
 14216 | Lair:1   | Reached skill level 13 in Bows
 14231 | Lair:1   | Noticed Sonja
 14238 | Lair:1   | Killed Sonja
 14473 | Lair:1   | Reached skill level 14 in Bows
 14538 | Lair:1   | Received a gift from Trog
 14622 | Lair:1   | Reached skill level 1 in Evocations
 14686 | Lair:1   | Reached XP level 13. HP: 112/114 MP: 13/13
 14730 | Lair:1   | Noticed Harold
 15209 | Lair:1   | Received a gift from Trog
 15538 | Lair:2   | Reached skill level 5 in Dodging
 15539 | Lair:2   | Noticed Nergalle
 15554 | Lair:2   | Killed Nergalle
 16268 | Lair:2   | Received a gift from Trog
 16347 | Lair:2   | Reached skill level 10 in Armour
 16654 | Lair:2   | Found a staircase to the Swamp.
 17051 | Lair:3   | Found a frozen archway.
 17060 | IceCv    | Entered an ice cave
 18802 | Lair:3   | Reached XP level 14. HP: 123/125 MP: 16/16
 18850 | Lair:3   | Reached skill level 5 in Evocations
 18949 | Lair:3   | Found a staircase to the Snake Pit.
 19117 | Lair:3   | Received a gift from Trog
 20492 | Lair:5   | Reached skill level 15 in Bows
 21027 | Lair:5   | Received a gift from Trog
 21460 | Lair:5   | Found a staircase to the Slime Pits.
 21520 | Lair:6   | Entered Level 6 of the Lair of Beasts
 22105 | Lair:6   | Found a runed translucent door.
 22106 | Lair:6   | Noticed Kramin's ghost (journeyman DgIE)
 22110 | Lair:6   | Identified the +4 spear of the Nexus {venom, rElec MR+
                  | Str+4}
 22469 | Lair:6   | Received a gift from Trog
 23425 | Orc:1    | Entered Level 1 of the Orcish Mines
 23425 | Orc:1    | Found Setydink's Book Boutique.
 23433 | Orc:1    | Received a gift from Trog
 23435 | Orc:1    | Paralysed by an orc sorcerer for 5 turns
 23754 | Orc:1    | Found Somias's Antique Weapon Shop.
 23784 | Orc:1    | Found Deah's Weapon Shop.
 23827 | Orc:1    | Found Vunuwisk's Weapon Boutique.
 23979 | Orc:1    | Reached XP level 15. HP: 135/135 MP: 19/19
 24117 | Orc:1    | You fall into a shaft and drop 1 floor!
 24117 | Orc:2    | Entered Level 2 of the Orcish Mines
 24117 | Orc:2    | Found Fidwos's Jewellery Shoppe.
 24117 | Orc:2    | Found Raedor's Food Emporium.
 24121 | Orc:2    | Received a gift from Trog
 24128 | Orc:2    | Reached skill level 16 in Bows
 24501 | Orc:2    | Found Fobideag's Book Boutique.
 24508 | Orc:2    | Found Suri's Book Shoppe.
 24633 | Orc:2    | Found Wuybucw's Antique Weapon Shoppe.
 24662 | Orc:2    | Found a staircase to the Elven Halls.
 25431 | D:13     | Reached skill level 17 in Bows
 25820 | D:13     | Got an ichor-stained scale mail
 25831 | D:13     | Identified the +7 scale mail "Unusot" {rPois MR- Dex+2
                  | Slay+2} (You found it on level 13 of the Dungeon)
 26650 | D:14     | Found a gate to the Vaults.
 26956 | D:14     | Received a gift from Trog
 27039 | D:14     | Noticed Louise
 27059 | D:14     | Killed Louise
 27059 | D:14     | Reached skill level 18 in Bows
 27246 | D:14     | Reached ****** piety under Trog
 27601 | D:14     | Found a snail-covered altar of Cheibriados.
 27920 | D:15     | Entered Level 15 of the Dungeon
 28120 | D:15     | Received a gift from Trog
 28235 | D:15     | Reached XP level 16. HP: 86/143 MP: 12/21
 28523 | D:15     | Found a staircase to the Depths.
 28673 | D:15     | Received a gift from Trog
 28788 | D:15     | Reached skill level 19 in Bows
 29105 | Snake:1  | Entered Level 1 of the Snake Pit
 29153 | Snake:1  | Noticed Frances
 29163 | Snake:1  | Killed Frances
 29215 | Snake:1  | Received a gift from Trog
 29459 | Snake:1  | Noticed Aizul
 29476 | Snake:1  | Killed Aizul
 29564 | Snake:1  | Received a gift from Trog
 29588 | Snake:1  | Killed from afar by a shock serpent

Levels and vault maps discovered:
D:1:      ncdulo_wetmaze, layout_basic
D:2:      layout_basic, overflow_temple_1_default,
          chequers_ecumenical_altar_twisty, uniq_sigmund, uniq_jessica,
          uniq_robin
D:3:      layout_basic, nemelex_xobeh_ov_fountains_minmay, lemuel_round_altar,
          uniq_terence, uniq_grinder
D:4:      layout_basic, grunt_gozag_statues, okawaru_trees_1, temple_green,
          portal_sewer_entry_a, ashenzari_altar_1
D:5:      layout_rooms, gammafunk_ghost_arena, first_ration,
          makhleb_blood_cavern_becter, uniq_blork_the_orc
D:6:      layout_basic, hangedman_decor_push
D:7:      layout_gridville, kennysheep_mini_moat, lemuel_crystal_altar,
          serial_shops, shop
D:8:      layout_cave_pools, tso_metal_star, kennysheep_little_box,
          enter_ossuary_2, grunt_livestock
D:9:      layout_loops_cross, tgw_kikubaaqudgha, uniq_grum
D:10:     layout_rooms, minmay_orc_entry_temple_small,
          nicolae_trove_entry_crossroad, nicolae_qazlal_eye_of_the_storm,
          uniq_urug
D:11:     minmay_tri_box, layout_basic
D:12:     layout_loops_ring, gauntlet_entry_generic
D:13:     layout_long_grid, kennysheep_dice
D:14:     layout_basic, lightli_vaults_fourway_checkpoint, basic_altar,
          minmay_misc_feat_plants, uniq_louise
D:15:     grunt_enter_depths_hoard, layout_irregular_city, minmay_misc_feat_rows
Lair:1:   beast_lair_carwin_large_4, layout_concentric_octagons, uniq_sonja,
          uniq_harold
Lair:2:   layout_roguey, swamp_mist, nicolae_lair_grove_arrangements,
          minivault_29, uniq_nergalle
Lair:3:   layout_gridlike, minmay_snake_entry_guardpost_medium,
          portal_ice_cave_entry_pillars_1
Lair:4:   layout_long_grid, grunt_megastairs_5
Lair:5:   layout_small_grid, minmay_slime_entry_oklob_open
Lair:6:   due_jungle_book, layout_gridlike, ebering_ghost_funeral_grove
Snake:1:  layout_gridlike, grunt_ministairs_11, st_stairs_6,
          serial_bayou_lagoon_a, minmay_shop_grove, uniq_roxanne, uniq_frances,
          uniq_aizul
Orc:1:    layout_caves, serial_shops,
          nicolae_shop_temple_entry_statues_fountains, nicolae_shop_crystal,
          shop, nicolae_shop_trees, nicolae_orc_flooded_monolith,
          nicolae_orc_stony_grotto
Orc:2:    st_orc_open, layout_caves, serial_shops,
          nicolae_shop_overgrown_old_shop

Skill      XL: |  1  2  3  4  5  6  7  8  9 10 11 12 13 14 15 16 |
---------------+-------------------------------------------------+-----
Axes           | 4 5 6 7 9 10 11 13 16 | 16.2
Fighting       | 4 5 7 8 10 11 13 | 13.1
Armour         | 3 4 5 6 7 8 10 11 12 | 12.1
Dodging        | 3 4 7 8 |  8.2
Bows           | 3 6 8 10 14 15 18 19 | 19.6
Evocations     | 1 4 6 8 |  8.0

Action                   |  1- 3 |  4- 6 |  7- 9 | 10-12 | 13-15 | 16-18 || total
-------------------------+-------+-------+-------+-------+-------+-------++-------
Melee: Hand axe          |    54 |    79 |   242 |       |       |       ||   375
       Headbutt          |     6 |    14 |    89 |    95 |   195 |    19 ||   418
       War axe           |       |       |   122 |   443 |   687 |    52 ||  1304
       Executioner's axe |       |       |       |       |       |    32 ||    32
 Fire: Shortbow          |       |       |   115 |   334 |   113 |       ||   562
       Longbow           |       |       |       |       |   616 |    92 ||   708
Invok: Berserk           |     1 |     2 |     6 |     8 |    12 |     2 ||    31
       Trog's Hand       |       |     2 |     2 |     8 |     9 |     3 ||    24
       Brothers in Arms  |       |       |       |       |     1 |       ||     1
  Use: Scroll            |       |       |    10 |    18 |     8 |     9 ||    45
       Potion            |       |       |       |     1 |     1 |     1 ||     3
 Stab: Distracted        |       |       |     1 |       |       |       ||     1
  Eat: Chunk             |       |     5 |    19 |    16 |    33 |     1 ||    74
       Ration            |       |       |     1 |     7 |     7 |     2 ||    17
Armor: Chain mail        |    23 |    48 |   114 |       |       |       ||   185
       Plate armour      |       |       |    31 |    64 |   448 |    75 ||   618
       Scale mail        |       |       |     1 |   149 |       |       ||   150
Dodge: Dodged            |    21 |    43 |   161 |   207 |   369 |    84 ||   885
